 Dungeon Crawl Stone Soup version 0.32-a0-953-g508020473e (webtiles) character file.

Game seed: 5174231705520153498

4947 Autsider the Covert (level 10, -9/50 HPs)
             Began as a Vine Stalker Warper on Apr 16, 2024.
             Was a Follower of Uskayaw.
             Mangled by an orc knight
             ... wielding a +0 glaive
              (27 damage)
             ... in a bailey.
             The game lasted 00:16:22 (5915 turns).

Autsider the Covert (Vine Stalker Warper)           Turns: 5915, Time: 00:16:22

Health: -9/50      AC:  9    Str: 14    XL:     10   Next: 52%
Magic:  0/14       EV: 12    Int: 13    God:    Uskayaw [*.....]
Gold:   340        SH:  0    Dex: 21    Spells: 13/13 levels left

rFire   . . .        o - +7 dagger of the Puffball {spect, ^Drain rCorr Dex+3}
rCold   . . .        (no shield)
rNeg    . . .        j - +0 leather armour {rPois}
rPois   +            f - +0 helmet
rElec   .            E - scarf {repulsion}
rCorr   +            v - +0 pair of gloves
SInv    +            (no boots)
Will    +....        (no amulet)
Stlth   +++++        l - +4 ring of protection
HPRegen 1.08/turn    D - ring of see invisible
MPRegen 0.14/turn

%: repel missiles, guardian spirit
@: no status effects
A: fangs 3, regeneration 1, magic shield, antimagic bite, no potion heal 2
a: Renounce Religion, Stomp


You were in a bailey.
You worshipped Uskayaw.
Uskayaw was noncommittal.
You visited 2 branches of the dungeon, and saw 9 of its levels.
You also visited: Bailey.

You collected 417 gold pieces.
You spent 77 gold pieces at shops.

Inventory:

Hand Weapons
 o - the +7 dagger of the Puffball (weapon) {spect, ^Drain rCorr Dex+3}
   (You found it on level 4 of the Dungeon)

   Dex+3:     It affects your dexterity (+3).
   rCorr:     It protects you from acid and corrosion.
   ^Drain:    It drains your maximum health when unequipped.
 y - a +1 dagger of venom
Missiles
 b - 10 poisoned darts
 d - 7 darts of dispersal (quivered)
 t - 4 silver javelins
 B - 6 boomerangs
Armour
 f - a +0 helmet (worn)
 j - a +0 leather armour of poison resistance (worn)
 v - a +0 pair of gloves (worn)
 z - a +1 scale mail of poison resistance
 E - a scarf of repulsion (worn)
Jewellery
 l - a +4 ring of protection (left hand)
 s - a ring of fire
 D - a ring of see invisible (right hand)
Wands
 x - a wand of acid (8)
 C - a wand of digging (7)
Scrolls
 a - a scroll of enchant armour {unknown}
 c - a scroll of blinking
 h - 2 scrolls of revelation
 i - a scroll of teleportation {@r2}
 m - 2 scrolls of poison
 n - 2 scrolls of vulnerability
Potions
 e - a potion of resistance {unknown}
 g - 3 potions of attraction
 k - 3 potions of mutation {unknown}
 p - 3 potions of curing {unknown}
 q - a potion of might {unknown}
 r - 3 potions of lignification
 u - 2 potions of invisibility {unknown}
 w - 2 potions of haste {unknown}
 F - a potion of enlightenment {unknown}


   Skills:
 + Level 4.2 Fighting
 - Level 10.0 Short Blades
 - Level 0.8 Throwing
 + Level 2.6 Armour
 + Level 3.0 Dodging
 - Level 10.0 Stealth
 - Level 2.1 Spellcasting
 - Level 3.0 Translocations
 * Level 4.3 Invocations


You had 13 spell levels left.
You didn't know any spells.
Your spell library contained the following spells:

 Spells                   Type           Power      Damage    Failure   Level
 Apportation              Tloc           18%        N/A       9%          1
 Blink                    Tloc           18%        N/A       14%         2
 Lesser Beckoning         Tloc           18%        N/A       14%         2
 Maxwell's Portable Pile  Tloc           9%         2d(6-16)  26%         3
 Teleport Other           Tloc           9%         N/A       26%         3
 Ensorcelled Hibernation  Hex/Ice        2%         N/A       43%         2
 Jinxbite                 Hex            2%         N/A       43%         2
 Passwall                 Erth           1%         N/A       67%         3
 Swiftness                Air            1%         N/A       67%         3
 Vhi's Electric Charge    Tloc/Air       10%        N/A       86%         4
 Ignite Poison            Fire/Alch      1%         N/A       97%         4
 Sticky Flame             Fire/Alch      1%         2d4       97%         4
 Alistair's Intoxication  Alch           0%         N/A       100%        5
 Ignition                 Fire           0%         3d3       100%        8


Dungeon Overview and Level Annotations

Branches:
Dungeon (8/15)             Temple (1/1) D:4          Bailey (1/1)
   Lair: D:8-11

Altars:
Ashenzari
Cheibriados
Dithmenos
Elyvilon
Fedhas
Gozag
Hepliaklqana
Kikubaaqudgha
Makhleb
Nemelex Xobeh
Okawaru
Qazlal
Ru
Sif Muna
Trog
Uskayaw
Vehumet
Wu Jian
Xom
Yredelemnul
Zin
The Shining One

Shops:
D:3 !   D:7 [=

Annotations:
D:5 4 runed translucent doors
D:7 3 runed translucent doors, Konar's ghost, novice CoHu; Patata23's ghost, novice VSEn; kae's ghost, novice DsSh


Innate Abilities, Weirdness & Mutations

You have razor-sharp teeth.
Your natural rate of healing is unusually fast.
When hurt, damage is shared between your health and your magic reserves.
Your bite disrupts and absorbs the magic of your enemies.
Potions cannot restore your health.


Message History

The orc barely misses you. The orc hits you with a +0 spear.
Your unstable footing causes you to fumble your attack.
The orc splashes around in the water.
You hit the orc. You bite the orc.
You kill the orc!
You hear a splash. x2
Things that are here:
a +0 spear; a +0 ring mail; an orc corpse An orc warrior comes into view.
It is wielding a +0 halberd.
Found a gate leading back out of this place.
You enter the shallow water.
Moving in this stuff is going to be slow. 2 orc knights come into view.
An orc knight comes into view. It is wielding a +0 glaive.
An orc comes into view. It is wielding a +0 halberd.
There is an open door here.
The orc shouts!
The orc warrior shouts!
The orc warrior hits you from afar with a +0 halberd.
The orc barely misses you.
The orc warrior hits you from afar with a +0 halberd!
The orc closely misses you.
The orc knight hits you from afar with a +0 glaive!!
* * * LOW HITPOINT WARNING * * *
The orc knight roars a battlecry!
The orcs go into a battle-frenzy!
The orc warrior misses you.
The orc knight shouts!
You puncture the orc!
You kill the orc!
The orc knight misses you.
The orc warrior hits you from afar with a +0 halberd.
* * * LOW HITPOINT WARNING * * *
The orc knight hits you from afar with a +0 halberd!
* * * LOW HITPOINT WARNING * * *
The orc knight roars a battlecry!
The orc knight goes into a battle-frenzy!
The orc knight hits you from afar with a +0 glaive!!
Ouch! That really hurt!
You die...
Your body falls in perfect tune with the rhythm.

##.........## ##..~~~~)~~..##
##..~~.....~)..##
########..~~..###..))..########
.........~~..## ##..~~.........
~~~~~~~~~~..##.∩.##..~~~~)~~~~~
~..........##.....##...)..)..)~
~.#########'###+#############.~
#...@.)...# ##.~ #..≈≈≈≈≈≈≈..#
##..~ #..§≈o.ooo≈≈..+ ##..~~
#......⌠∩⌠...... #..~~.
#..≈≈...⌠...§≈..#+#..~~.
#+..≈≈.....§≈..##.##..~~
##..≈≈≈.≈≈§..##.$.##..~
##.........##.$$$.##.~
########.~


You could see 3 orc knights and an orc warrior (strong).

Vanquished Creatures
  Maggie (D:6)
  Prince Ribbit (D:5)
  A vampire (D:7)
  5 yaks
  A vampire mosquito (D:5)
  Menkaure (D:5)
  Edmund (D:5)
  2 water moccasins (D:5)
  4 sky beasts
  2 ice beasts (D:8)
  2 orc warriors
  4 black bears
  A centaur (D:6)
  Blork the orc (D:5)
  2 scorpions (D:5)
  3 bullfrogs
  9 wights
  3 bombardier beetles
  5 hounds
  2 orc priests
  A gnoll bouda (D:7)
  4 iguanas
  Ijyb (D:3)
  Jessica (D:3)
  2 sleepcaps
  5 orc wizards
  10 adders
  11 gnolls
  4 ufetubi
  3 dart slugs
  4 ribbon worms
  27 orcs
  2 ball pythons
  6 bats
  6 endoplasms
  5 giant cockroaches
  6 goblins
  10 hobgoblins
  2 jackals (D:1)
  10 kobolds
  9 quokkas
  A frilled lizard (D:1)
  8 rats
189 creatures vanquished.

Notes
Turn   | Place    | Note
-------+----------+-------------------------------------------
     0 | D:1      | Autsider the Vine Stalker Warper began the quest for the
                  | Orb.
     0 | D:1      | Reached XP level 1. HP: 11/11 MP: 4/4
   118 | D:1      | Reached skill level 1 in Stealth
   157 | D:1      | Reached XP level 2. HP: 14/15 MP: 6/6
   357 | D:1      | Reached XP level 3. HP: 18/18 MP: 7/7
  1041 | D:2      | Reached XP level 4. HP: 23/23 MP: 8/8
  1790 | D:3      | Reached XP level 5. HP: 26/26 MP: 9/9
  1840 | D:3      | Noticed Jessica
  1871 | D:3      | Killed Jessica
  1938 | D:3      | Found Uxkasmow's Distillery.
  1946 | D:3      | Bought a potion of lignification for 33 gold pieces
  1946 | D:3      | Bought a potion of attraction for 33 gold pieces
  1946 | D:3      | Bought a potion of degeneration for 11 gold pieces
  2310 | D:3      | Noticed Ijyb
  2316 | D:3      | Killed Ijyb
  2841 | D:4      | Reached skill level 5 in Stealth
  2841 | D:4      | Reached XP level 6. HP: 14/30 MP: 5/10
  2930 | D:4      | Identified the +7 dagger of the Puffball {spect, ^Drain
                  | rCorr Dex+3}
  3135 | D:4      | Found a staircase to the Ecumenical Temple.
  3293 | Temple   | Entered the Ecumenical Temple
  3312 | Temple   | Became a worshipper of Uskayaw the Reveller
  3383 | D:4      | Found a shadowy altar of Dithmenos.
  3389 | D:4      | Reached * piety under Uskayaw
  3406 | D:4      | Found a sparkling altar of Nemelex Xobeh.
  3615 | D:5      | Entered Level 5 of the Dungeon
  3615 | D:5      | Noticed Menkaure
  3616 | D:5      | Killed Menkaure
  3616 | D:5      | Reached ** piety under Uskayaw
  3617 | D:5      | Reached XP level 7. HP: 36/36 MP: 11/11
  3728 | D:5      | Reached skill level 5 in Short Blades
  3730 | D:5      | Found a large runed translucent door.
  3731 | D:5      | Found a large runed translucent door.
  3732 | D:5      | Noticed a hornet
  3744 | D:5      | Found a large runed translucent door.
  3744 | D:5      | Found a large runed translucent door.
  3775 | D:5      | Reached *** piety under Uskayaw
  3826 | D:5      | Noticed a vampire mosquito
  3840 | D:5      | Killed a vampire mosquito
  3841 | D:5      | Gained mutation: You have razor-sharp teeth. [Vine Stalker
                  | growth]
  3841 | D:5      | Reached XP level 8. HP: 17/40 MP: 10/12
  3929 | D:5      | Noticed Prince Ribbit
  3943 | D:5      | Killed Prince Ribbit
  3969 | D:5      | Noticed Blork the orc
  3976 | D:5      | Killed Blork the orc
  4079 | D:5      | Noticed Edmund
  4092 | D:5      | Killed Edmund
  4104 | D:5      | Reached **** piety under Uskayaw
  4297 | D:5      | Reached XP level 9. HP: 39/44 MP: 10/13
  4311 | D:5      | Reached skill level 10 in Stealth
  4458 | D:6      | Noticed Maggie
  4472 | D:6      | Killed Maggie
  5133 | D:7      | Found Qes Dad's Armour Shop.
  5236 | D:7      | Found a runed translucent gate.
  5236 | D:7      | Found a runed translucent gate.
  5245 | D:7      | Found a runed translucent gate.
  5248 | D:7      | Noticed kae's ghost (novice DsSh)
  5248 | D:7      | Noticed Konar's ghost (novice CoHu)
  5248 | D:7      | Noticed Patata23's ghost (novice VSEn)
  5326 | D:7      | Reached skill level 10 in Short Blades
  5333 | D:7      | Reached skill level 1 in Armour
  5334 | D:7      | Reached skill level 1 in Invocations
  5334 | D:7      | Reached ***** piety under Uskayaw
  5339 | D:7      | Reached XP level 10. HP: 49/49 MP: 14/14
  5349 | D:7      | Reached ****** piety under Uskayaw
  5351 | D:7      | Found Hopav's Jewellery Shop.
  5827 | D:8      | Found a flagged portal.
  5836 | Bailey   | Entered a bailey
  5908 | Bailey   | Noticed an orc knight
  5908 | Bailey   | Noticed an orc knight
  5909 | Bailey   | Noticed an orc knight
  5915 | Bailey   | Mangled by an orc knight

Illustrated notes

Levels and vault maps discovered:
D:1:      elethiomel_arrival_maze, layout_loops_ring
D:2:      minmay_diamond_boxcup, layout_loops_cross
D:3:      layout_basic, serial_shops, nicolae_shop_peninsula, uniq_jessica,
          uniq_ijyb
D:4:      layout_basic, mainiacjoe_overflow_big_doors,
          minmay_temple_entry_antechambers
D:5:      layout_basic, minmay_hollow_rounded_squares, uniq_prince_ribbit1,
          uniq_blork_the_orc, uniq_menkaure, uniq_edmund
D:6:      layout_basic, uniq_maggie
D:7:      layout_basic, serial_shops, shop, shop, gammafunk_ghost_cemetery
D:8:      layout_basic, enter_bailey_2, minmay_misc_feat_iff, uniq_gastronok
Temple:   nicolae_temple_slightly_damp_pantheon
Bailey:   bailey_polearm_1, bailey

Skill      XL: |  1  2  3  4  5  6  7  8  9 10 |
---------------+-------------------------------+-----
Short Blades   | 2 3 4 5 7 10 | 10.0
Stealth        | 1 2 3 4 5 6 7 9 10 | 10.0
Fighting       | 2 3 4 |  4.2
Armour         | 1 2 |  2.6
Invocations    | 1 4 |  4.3
Dodging        | 2 3 |  3.0
Throwing       | |  0.8
Spellcasting   | |  2.1
Translocations | |  3.0

Action                     |  1- 3 |  4- 6 |  7- 9 | 10-12 || total
---------------------------+-------+-------+-------+-------++-------
  Melee: Short sword       |   174 |    55 |       |       ||   229
         Bite              |    48 |    45 |    61 |    27 ||   181
         Dagger            |       |    86 |   165 |   103 ||   354
 Invoke: Line Pass         |       |       |     1 |       ||     1
    Use: Scroll            |       |       |     2 |     3 ||     5
   Stab: Sleeping          |     3 |    15 |    10 |     4 ||    32
         Distracted        |       |     1 |     6 |     4 ||    11
         Paralysed         |       |       |     9 |     4 ||    13
 Armour: Leather armour    |    98 |    76 |    69 |    56 ||   299
  Dodge: Dodged            |    91 |    54 |    58 |    43 ||   246
         Repelled          |       |       |       |     1 ||     1

Table legend: (Time is in decaauts)
 A = Elapsed time spent in this place.
 B = Non-inter-level travel time spent in this place.
 C = Inter-level travel time spent in this place.
 D = Time resting spent in this place.
 E = Time spent auto-exploring this place.
 F = Levels seen in this place.
 G = Mean time per level.
                   A        B        C        D        E       F      G
               +--------+--------+--------+--------+--------+-----+--------+
         Total |   5759 |   5447 |    312 |    260 |   3797 |  10 |  575.9 |
       Dungeon |   5646 |   5372 |    274 |    260 |   3797 |   8 |  705.8 |
        Temple |     38 |      1 |     37 |      0 |      0 |   1 |   38.0 |
        Bailey |     74 |     74 |      0 |      0 |      0 |   1 |   74.0 |
               +--------+--------+--------+--------+--------+-----+--------+

Top non-repeatable levels by time:
     D:2: 982 daAuts
     D:3: 943 daAuts
     D:4: 848 daAuts
     D:5: 771 daAuts
     D:1: 769 daAuts
     D:6: 681 daAuts
     D:7: 459 daAuts
     D:8: 189 daAuts
  Bailey: 74 daAuts
  Temple: 38 daAuts
